Map: Nightshade LE

Players

LiquidMaNa (MaNa) - Winner!

  • Race: Protoss Protoss
  • League: Master
  • Spawn Location: 5:00

Rhoust

  • Race: Protoss Protoss
  • League: Master
  • Spawn Location: 11:00

VOD

Have the link to the VOD?

Description

Time

  • Played on: March 13, 2020, 12:48 p.m.
  • Length: 5:40
Show
View Real Time Build Order
Export as new Build Order

LiquidMaNa Protoss - Winner!

Build Orders:  

Get SALT Encoding   

  12  0:00  Probe  
  13  0:12  Probe  
  14  0:17  Pylon  
  14  0:24  Probe (Chrono Boost)  
  15  0:36  Probe (Chrono Boost)  
  15  0:39  Gateway  
  16  0:44  Probe (Chrono Boost)  
  16  0:48  Assimilator  
  17  0:51  Probe  
  17  0:54  Assimilator  
  18  1:03  Probe (Chrono Boost)  
  19  1:07  Gateway  
  20  1:12  Probe (Chrono Boost)  
  20  1:17  Probe (Chrono Boost)  
  21  1:26  Cybernetics Core  
  21  1:29  Probe  
  22  1:32  Pylon  
  22  1:41  Probe  
  23  2:02  Robotics Facility  
  23  2:04  Warp Gate, Stalker  
  25  2:11  Stalker  
  25  2:13  Pylon  
  27  2:33  Shield Battery  
  27  2:34  Stalker  
  29  2:41  Stalker  
  31  2:50  Immortal (Chrono Boost)  
  35  3:02  Probe  
  35  3:13  Sentry  
  35  3:16  Pylon  
  38  3:21  Warp Prism (Chrono Boost)  
  39  3:53  Probe  
  38  4:03  Stalker x2  
  38  4:04  Immortal  
  38  4:08  Probe  
  47  4:36  Pylon  
  47  4:38  Pylon  
  41  4:56  Stalker x2, Immortal  
Show
View Real Time Build Order
Export as new Build Order

Rhoust Protoss 

Build Orders: Phoenix Opening 

Get SALT Encoding   

  12  0:00  Probe  
  13  0:12  Probe  
  14  0:17  Pylon  
  14  0:25  Probe (Chrono Boost)  
  15  0:37  Gateway, Probe (Chrono Boost)  
  16  0:44  Probe (Chrono Boost)  
  16  0:46  Assimilator  
  17  0:51  Probe  
  17  0:55  Assimilator  
  18  1:03  Probe  
  19  1:09  Gateway  
  19  1:15  Probe  
  20  1:25  Cybernetics Core  
  20  1:27  Probe  
  21  1:35  Pylon  
  21  1:39  Probe  
  22  1:51  Probe  
  23  2:03  Probe  
  23  2:04  Stargate  
  24  2:10  Stalker  
  24  2:11  Stalker  
  28  2:18  Warp Gate (Chrono Boost)  
  28  2:23  Pylon  
  28  2:33  Probe  
  29  2:43  Stalker  
  33  2:48  Phoenix (Chrono Boost)  
  33  3:06  Phoenix  
  35  3:14  Probe  
  35  3:15  Pylon  
  36  3:27  Robotics Facility  
  36  3:38  Nexus  
  36  3:45  Phoenix (Chrono Boost)  
  38  3:51  Pylon  
  34  4:01  Zealot x2  
  36  4:08  Shield Battery  
  36  4:13  Immortal (Chrono Boost)  
  38  4:22  Zealot  
  38  4:23  Zealot  
  34  4:47  Phoenix  
  34  4:52  Pylon  
  36  5:11  Zealot  
  29  5:19  Zealot  
Tags
 
Matchup
PvP
Player
MaNa
Spawn Locations
Cross Positions
Add a new tag
Caveats
  • Supply blocks, unpowered buildings, or Contaminate may cause inaccurate times.
  • Supply counts are checked every 10 seconds.